 Dungeon Sprint DCSS version 0.25-a0-471-g78e40d7af6 (webtiles) character file.

Game seed: 2173086916502896158, levelgen mode: deterministic

135 ICC the Shield-Bearer (level 5, -7/46 HPs)
             Began as a Formicid Fighter on Feb 6, 2020.
             Killed by nerve-wracking pain
             ... invoked by a shadow imp
              (13 damage)
             ... in the Dungeon (Sprint IX: "|||||||||||||||||||||||||||||").
             The game lasted 00:02:06 (54 turns).

ICC the Shield-Bearer (Formicid Fighter)              Turns: 54, Time: 00:02:07

Health: -7/46      AC:  7    Str: 21    XL:     5   Next: 41%
Magic:  5/5        EV: 10    Int:  7    God:
Gold:   0          SH: 10    Dex: 11    Spells: 4/4 levels left

rFire    . . .     SeeInvis +   a - +0 trident
rCold    . . .     Gourm    .   c - +0 shield
rNeg     . . .     Faith    .   b - +0 scale mail
rPois    .         Spirit   .   (helmet unavailable)
rElec    .         Reflect  .   (no cloak)
rCorr    .         Harm     .   (no gloves)
MR       .....                  (no boots)
Stlth    ..........             (no amulet)
HPRegen  0.15/turn              (no ring)
MPRegen  0.09/turn              (no ring)

@: no status effects
A: permanent stasis, dig shafts and tunnels, four strong arms, antennae 3
a: Dig


You were in the Dungeon.
You were not hungry.

You visited 1 branch

Inventory:

Hand Weapons
 a - a +0 trident (weapon)
Armour
 b - a +0 scale mail (worn)
 c - a +0 shield (worn)
Potions
 d - a potion of might
 e - a potion of curing
 g - a potion of heal wounds
 i - 2 potions of magic
Comestibles
 f - a ration


   Skills:
 + Level 5.8 Fighting
 + Level 4.7 Polearms
 + Level 5.8 Armour
 + Level 3.7 Dodging
 + Level 6.4 Shields


You had 4 spell levels left.
You didn't know any spells.
Your spell library was empty.

Dungeon Overview and Level Annotations

Branches:
Dungeon (1/1)

Altars:


Innate Abilities, Weirdness & Mutations

You cannot be hasted, slowed, berserked, paralysed or teleported.
You can dig through walls and to a lower floor.
Your four strong arms can wield two-handed weapons with a shield.
You have a pair of large antennae on your head. (SInv)


Message History

Your Polearms skill increases to level 4!
Your Armour skill increases to level 5!
Your Dodging skill increases to level 3!
Your Shields skill increases to level 6!
You have reached level 5!
The shadow imp gestures at you. Pain shoots through your body!
* * * LOW HITPOINT WARNING * * *
Attack whom?
Press: ? - help, Dir - move target cursor, f - shadow imp
Aim: a shadow imp
Okay, then.
You hit the shadow imp.
The shadow imp is lightly wounded.
The shadow imp hits you but does no damage.
You hit the shadow imp.
The shadow imp is heavily wounded.
The shadow imp gestures at you. Pain shoots through your body!
You die...

▓+▓
▓.▓
▓.▓
▓.▓
▓.▓
▓.▓
▓5▓
▓@▓
▓.▓
{
▓.▓
▓.▓
▓.▓
▓(▓
▓(▓
▓.▓
▓.▓


You could see a shadow imp.

Vanquished Creatures
  A centaur (D)
  A crimson imp (D)
  A gnoll (D)
  An ooze (D)
  A hobgoblin (D)
  2 kobolds (D)
  A frilled lizard (D)
  A rat (D)
9 creatures vanquished.

Notes
Turn   | Place    | Note
-------+----------+-------------------------------------------
     0 | D        | ICC the Formicid Fighter began the quest for the Orb.
     0 | D        | Reached XP level 1. HP: 18/18 MP: 1/1
    16 | D        | Reached skill level 4 in Shields
    17 | D        | Reached skill level 1 in Dodging
    27 | D        | Noticed a crimson imp
    27 | D        | Noticed a centaur
    31 | D        | Reached XP level 2. HP: 15/25 MP: 2/2
    40 | D        | Killed a crimson imp
    40 | D        | Reached skill level 5 in Shields
    40 | D        | Reached XP level 3. HP: 17/31 MP: 3/3
    40 | D        | Reached XP level 4. HP: 20/38 MP: 4/4
    52 | D        | Killed a centaur
    52 | D        | Reached skill level 5 in Fighting
    52 | D        | Reached skill level 5 in Armour
    52 | D        | Reached skill level 6 in Shields
    52 | D        | Reached XP level 5. HP: 10/46 MP: 5/5
    54 | D        | Killed from afar by a shadow imp

Levels and vault maps discovered:
D:        linesprint [early_d, line_temple, items_1, d_10, items_2, lair_1,
          lair_end, items_3, orc_1, orc_end, items_4, d_15, swamp_1, shoals_1,
          snake_1, spider_1, d_20, vaults_1, items_5, swamp_end, shoals_end,
          snake_end, spider_end, vaults_end, d_27, items_6, zot_1, zot_end,
          crypt_end, forest_end, elf_end, slime_end, tomb_end, abyss_end,
          pan_hell_end]

Skill      XL: |  1  2  3  4 |
---------------+-------------+-----
Shields        | 4 5 6 |  6.4
Dodging        | 1 2 3 |  3.7
Fighting       | 4 5 |  5.8
Armour         | 4 5 |  5.8
Polearms       | 3 4 |  4.7

Action                   |  1- 3 |  4- 6 || total
-------------------------+-------+-------++-------
Melee: Trident           |    27 |    14 ||    41
Armor: Scale mail        |    12 |     2 ||    14
Dodge: Dodged            |     5 |     5 ||    10
Block: Shield            |    10 |     6 ||    16

Table legend:
 A = Non-vault XP
 B = Vault XP
 C = Vault XP percentage of total XP
 D = Non-vault monster count
 E = Vault monster count
 F = Vault count percentage of total count
                 A         B        C        D         E       F
            +---------+---------+-------+---------+---------+-------
      Total |       0 |     193 | 100.0 |       0 |       9 | 100.0
            +---------+---------+-------+---------+---------+-------
          D |       0 |     193 | 100.0 |       0 |       9 | 100.0
            +---------+---------+-------+---------+---------+-------
